 Dungeon Crawl Stone Soup version 0.17.0-25-gefc9c12 (webtiles) character file.

795 dorian the Destroyer (level 7, 0/41 HPs)
             Began as an Octopode Conjurer on Nov 18, 2015.
             Slain by a water moccasin (7 damage)
             ... on level 4 of the Dungeon.
             The game lasted 00:12:13 (4986 turns).

dorian the Destroyer (Octopode Conjurer)            Turns: 4986, Time: 00:12:14

Health: 0/41       AC:  1    Str:  7    XL:     7   Next: 89%
Magic:  4/14       EV: 12    Int: 19    God:
Gold:   202        SH:  0    Dex: 13    Spells: 2 memorised, 12 levels left

rFire  . . .     SeeInvis .     (no weapon)
rCold  . . .     Clarity  .     (no shield)
rNeg   . . .     SustAt   .     (helmet restricted)
rPois  .         Gourm    .     (no amulet)
rElec  .         Spirit   .     (no ring)
rCorr  .         Warding  .     (no ring)
rMut   .         Stasis   .     (no ring)
MR     .....                    (no ring)
Stlth  +++.......               (no ring)
                                (no ring)
                                (no ring)
                                (no ring)

@: flying, not resistant to hostile enchantments, fairly stealthy
A: almost no armour, amphibious, 8 rings, constrict 8, camouflage 1, gelatinous
body 1
a: no special abilities


You were on level 4 of the Dungeon.
You were not hungry.

You visited 1 branch of the dungeon, and saw 5 of its levels.

You collected 202 gold pieces.

Inventory:

Missiles
 f - 37 poisoned needles
Wands
 x - a wand of polymorph (8)
Scrolls
 c - 7 scrolls of identify {unknown}
 d - 2 scrolls of noise {unknown}
 e - a scroll of recharging {unknown}
 g - 5 scrolls of remove curse {unknown}
 m - a scroll of fog {unknown}
 n - 3 scrolls of magic mapping {unknown}
 q - a scroll of blinking {unknown}
 u - 2 scrolls of enchant armour {unknown}
 v - a scroll of random uselessness {unknown}
 y - a scroll of amnesia {unknown}
Potions
 h - 2 potions of flight
 i - 2 potions of curing
 k - 2 potions of ambrosia {unknown}
 l - a potion of heal wounds {unknown}
 s - a potion of cure mutation {unknown}
 t - a potion of cancellation {unknown}
 w - a potion of brilliance {unknown}
 z - a potion of poison {unknown}
 A - a potion of berserk rage {unknown}
Books
 a - a book of Conjurations

   Spells                             Type                      Level
   a - Magic Dart                     Conjuration                  1
   b - Searing Ray                    Conjuration                  2
   c - Dazzling Spray                 Conjuration/Hexes            3
   d - Fulminant Prism                Conjuration/Hexes            4
   e - Iskenderun's Mystic Blast      Conjuration                  4
   f - Iskenderun's Battlesphere      Conjuration/Charms           5
Comestibles
 b - 4 bread rations
 j - a slice of pizza
 o - a beef jerky
 p - a royal jelly
 r - a meat ration
 B - a chunk of flesh


   Skills:
 - Level 2.0 Dodging
 - Level 3.1 Stealth
 + Level 4.6 Spellcasting
 * Level 8.1 Conjurations


You had 12 spell levels left.
You knew the following spells:

 Your Spells              Type           Power        Failure   Level  Hunger
a - Magic Dart            Conj           ####         1%          1    None
b - Searing Ray           Conj           #####.       1%          2    #......


Dungeon Overview and Level Annotations

Branches:
Dungeon (5/15)
 Temple: D:4-7

Altars:
Dithmenos
Okawaru
Zin

Shops:
D:4 }


Innate Abilities, Weirdness & Mutations

You cannot wear most types of armour.
You are amphibious.
You can wear up to eight rings at the same time.
You can use your tentacles to constrict eight enemies at once.
Your skin changes colour to match your surroundings (Stealth).
Your rubbery body absorbs attacks (AC +1).


Message History

You feel very buoyant.
You fly up into the air.
* * * LOW HITPOINT WARNING * * *
You feel very sick. The water moccasin closely misses you.
The water moccasin barely misses you.
Drink which item? (? for menu, Esc to quit)
It was a potion of curing.
You feel better. The water moccasin bites you.
* * * LOW HITPOINT WARNING * * *
Drink which item? (? for menu, Esc to quit)
Okay, then.
Drink which item? (? for menu, Esc to quit)
You can't drink that!
Casting: Searing Ray
Confirm with . or Enter, or press ? or * to list all spells.
Aiming: Searing Ray
Press: ? - help, Shift-Dir - straight line, f/p - water moccasin
Aim: a water moccasin (almost dead)
The searing ray misses the water moccasin.
The water moccasin bites you!
You die...

.####.........###### #.#
.......######......# #.#
.####.## ######.####.#
####...## #.#....# ..#.....##
#..###.## #........# #.####..#
#........# #.......#
##.......#########.......#####
###.............@S...........#
........)#####.###......####.#
.##.####.# #.# #......# #.#
.(..# #.# ##.###..#.### #.#
....####†####.........# #.#
...............###..### #.####
.....###...##.##
#..########.....
..............#
#....^......(.##
.#...####..####
##.#########...#


You could see a water moccasin.

Vanquished Creatures
  Grinder (D:4)
  An ogre (D:4)
  A scorpion (D:4)
  3 hounds (D:4)
  A jelly (D:4)
  An orc priest (D:3)
  A giant frog skeleton (D:4)
  Jessica (D:2)
  2 centaur skeletons (D:4)
  Terence (D:2)
  4 gnolls (D:4)
  7 adders
  An ooze (D:1)
  6 worms
  4 giant geckos
  3 orcs (D:3)
  4 giant cockroaches
  4 hobgoblins
  5 jackals (D:3)
  5 kobolds
  A quokka (D:4)
  9 bats
  A giant gecko skeleton (D:4)
  5 giant newts
  10 goblins
  2 quokka skeletons (D:4)
  9 rats
93 creatures vanquished.

Notes
Turn   | Place    | Note
--------------------------------------------------------------
     0 | D:1      | dorian the Octopode Conjurer began the quest for the Orb.
     0 | D:1      | Reached XP level 1. HP: 11/11 MP: 3/3
   347 | D:1      | Reached XP level 2. HP: 17/17 MP: 3/5
  1024 | D:1      | Reached XP level 3. HP: 21/21 MP: 3/6
  1550 | D:2      | Noticed Jessica
  1554 | D:2      | Killed Jessica
  1554 | D:2      | Reached skill level 5 in Conjurations
  1554 | D:2      | Reached XP level 4. HP: 27/27 MP: 2/7
  1675 | D:2      | Found a shadowy altar of Dithmenos.
  1807 | D:2      | Noticed Terence
  1846 | D:2      | Killed Terence
  2090 | D:2      | Reached XP level 5. HP: 31/31 MP: 4/9
  2094 | D:2      | Learned a level 2 spell: Searing Ray
  3022 | D:3      | Reached skill level 6 in Conjurations
  3293 | D:3      | Reached XP level 6. HP: 36/36 MP: 7/11
  3957 | D:4      | Found Garulaev's Gadget Shop.
  4124 | D:4      | Noticed Grinder
  4129 | D:4      | Killed Grinder
  4129 | D:4      | Reached skill level 7 in Conjurations
  4129 | D:4      | Reached XP level 7. HP: 33/41 MP: 4/13
  4734 | D:4      | Reached skill level 8 in Conjurations
  4830 | D:4      | Found a glowing silver altar of Zin.
  4830 | D:4      | Found an iron altar of Okawaru.
  4973 | D:5      | Entered Level 5 of the Dungeon
  4984 | D:4      | HP: 2/41 [poisoned by a water moccasin]
  4986 | D:4      | Slain by a water moccasin

Action                   |  1- 3 |  4- 6 |  7- 9 || total
-------------------------+-------+-------+-------++-------
Melee: Unarmed           |     3 |    12 |       ||    15
 Cast: Magic Dart        |    60 |   129 |    30 ||   219
       Searing Ray       |       |     6 |     9 ||    15
  Use: Potion            |       |       |     2 ||     2
  Eat: Chunk             |     2 |     8 |     3 ||    13
